 Dungeon Crawl Stone Soup version 0.24-a0-222-g1ac5efaa63 (webtiles) character file.

Game seed: 12512427872087169722

272 Redear the Firebug (level 6, -4/36 HPs)
             Began as an Octopode Fire Elementalist on Mar 31, 2019.
             Killed by divine providence
             ... invoked by an orc priest
              (13 damage)
             ... on level 4 of the Dungeon.
             The game lasted 00:12:59 (4985 turns).

Redear the Firebug (Octopode Fire Elementalist)     Turns: 4985, Time: 00:12:59

Health: -4/36      AC:  1    Str:  7    XL:     6   Next: 23%
Magic:  11/11      EV: 13    Int: 19    God:
Gold:   232        SH:  0    Dex: 13    Spells: 2/12 levels left

rFire    + . .     SeeInvis .   n - staff of wizardry {wiz+, !a}
rCold    . . .     Gourm    .   (no shield)
rNeg     . . .     Faith    .   (helmet restricted)
rPois    .         Spirit   .   (no amulet)
rElec    .         Reflect  .   F - ring of protection from fire
rCorr    .         Harm     .   (no ring)
MR       .....                  (no ring)
Stlth    +++.......             (no ring)
HPRegen  0.12/turn              (no ring)
MPRegen  0.12/turn              (no ring)
                                (no ring)
                                (no ring)

@: no status effects
A: almost no armour, stealthy swim, amphibious, 8 rings, constrict 8, camouflage
1, gelatinous body 1
a: no special abilities


You were on level 4 of the Dungeon.
You were hungry.

You visited 1 branch of the dungeon, and saw 4 of its levels.

You collected 232 gold pieces.

Inventory:

Hand Weapons
 b - a +0 blowgun
 o - a +0 war axe of freezing
Missiles
 h - 3 tomahawks
 l - 19 poisoned needles
 p - 2 javelins
 Q - 73 stones (quivered)
Magical Staves
 n - an uncursed staff of wizardry (weapon) {wiz+, !a}
Jewellery
 r - a +5 amulet of reflection {unknown}
 F - a ring of protection from fire (left tentacle)
Scrolls
 a - a scroll of magic mapping {unknown}
 c - 4 scrolls of amnesia {unknown}
 j - 2 scrolls of teleportation {unknown}
 k - a scroll of blinking {unknown}
Potions
 d - 4 potions of curing
 e - a potion of magic {unknown}
 f - 2 potions of flight {unknown}
 g - a potion of agility {unknown}
 i - a potion of might {unknown}
 s - a potion of heal wounds {unknown}
Comestibles
 m - 4 rations


   Skills:
 - Level 2.0 Dodging
 - Level 2.6 Stealth
 + Level 3.7 Spellcasting
 + Level 3.5 Conjurations
 + Level 4.5 Fire Magic


You had 2 spell levels left.
You knew the following spells:

 Your Spells              Type           Power        Failure   Level  Hunger
a - Flame Tongue          Conj/Fire      ###..        1%          1    None
c - Conjure Flame         Conj/Fire      ###.....     3%          3    ###....
s - Sticky Flame          Conj/Fire      ###.....     11%         4    ####...
x - Throw Flame           Conj/Fire      ###...       1%          2    ##.....

Your spell library contained the following spells:

 Spells                   Type           Power        Failure   Level  Hunger
 Animate Skeleton         Necr           N/A          6%          1    None
 Pain                     Necr           #...         6%          1    None
 Inner Flame              Hex/Fire       ##......     7%          3    ###....
 Regeneration             Chrm/Necr      #.........   16%         3    ###....
 Vampiric Draining        Necr           #.........   16%         3    ###....
 Fireball                 Conj/Fire      ###.......   28%         5    ######.
 Animate Dead             Necr           N/A          45%         4    ####...


Dungeon Overview and Level Annotations

Branches:
Dungeon (4/15)
 Temple: D:4-7

Altars:


Innate Abilities, Weirdness & Mutations

You cannot wear most types of armour.
You are very stealthy in the water. (Stealth+)
You are amphibious.
You can wear up to eight rings at the same time.
You can use your tentacles to constrict eight enemies at once.
Your skin changes colour to match your surroundings (Stealth+).
Your rubbery body absorbs attacks. (AC +1, EV +1)


Message History

The adder bites you.
* * * LOW HITPOINT WARNING * * *
The orc wizard moves out of view.
An orc priest comes into view.
An orc comes into view. It is wielding a +0 mace.
There is an escape hatch in the ceiling here.
The orc priest looks satisfied for a moment.
An orc comes into view. It is wielding a +0 hand axe.
The orc shouts!
The orc priest shouts!
You hear an angry hiss.
The adder bites you.
* * * LOW HITPOINT WARNING * * *
You take 4 damage, and have 9/36 hp.
The adder skeleton closely misses you. The adder barely misses you.
An ogre comes into view. It is wielding a -3 giant club.
The adder skeleton misses you.
Unknown command.
The ogre shouts!
The orc priest calls down the wrath of Beogh upon you.
Beogh smites you!
You die...

..#.# ......##.o.....
..#.####.......(......
.....##.....#..o.....
.....#..#..##..o...#
........##.##....# ##
.........#..#...o##.#
.....>.......<......##
......#.....o..ZS....#
......##.......#@#..##
....#>#........#....#
....###.................
......#..#..............
......##.###..........O.
..##..[.............####
.........#.....#.#...#
........##...###.##..#
##.......##....#..#..#


You could see an ogre, 2 orc priests, an adder, 2 orcs and an adder skeleton.

Levels and vault maps discovered:
D:1:      kennysheep_arrival_seaside, layout_basic
D:2:      layout_basic, uniq_natasha
D:3:      layout_rooms, serial_co_window_serial, co_window_paths_a,
          co_window_of_opportunity_a, co_window_cross_1, co_window_paths_a,
          co_window_paths_a, co_window_corner_cb, co_window_paths_c,
          co_window_paths_c, glass_columns_a, glass_columns_b, glass_columns_b,
          glass_columns_b, minmay_misc_feat_chi
D:4:      layout_cave_pools, chequers_serial_rivers_micro_e

Notes
Turn   | Place    | Note
-------+----------+-------------------------------------------
     0 | D:1      | Redear the Octopode Fire Elementalist began the quest for
                  | the Orb.
     0 | D:1      | Reached XP level 1. HP: 11/11 MP: 3/3
   380 | D:1      | Reached XP level 2. HP: 16/17 MP: 5/5
   622 | D:1      | Identified a +0 club
   623 | D:1      | Identified a +0 club
   668 | D:1      | HP: 4/17 [hobgoblin/+0 club (3)]
  1198 | D:1      | Identified a +0 club
  1220 | D:1      | Reached XP level 3. HP: 7/21 MP: 6/6
  1448 | D:1      | Identified a +0 dagger
  1834 | D:1      | Learned a level 2 spell: Throw Flame
  1838 | D:1      | Learned a level 3 spell: Conjure Flame
  1887 | D:2      | HP: 3/21 [adder (4)]
  1888 | D:2      | Identified a potion of lignification
  1889 | D:2      | Identified a potion of curing
  1892 | D:2      | Reached skill level 2 in Conjurations
  1902 | D:2      | HP: 7/31 [rat (2)]
  2423 | D:2      | Noticed Natasha
  2454 | D:2      | Killed Natasha
  2454 | D:2      | Reached XP level 4. HP: 8/27 MP: 2/8
  2996 | D:3      | Identified a +0 mace
  3246 | D:3      | Reached skill level 3 in Spellcasting
  3326 | D:3      | Identified a +0 leather armour
  3326 | D:3      | Identified a +0 short sword
  3326 | D:3      | Identified a +0 leather armour
  3342 | D:3      | Identified a +0 scale mail
  3343 | D:3      | Identified a cursed -1 club
  3353 | D:3      | HP: 5/27 [orc (5)]
  3700 | D:3      | Reached skill level 4 in Fire Magic
  3700 | D:3      | Reached XP level 5. HP: 25/31 MP: 9/9
  3704 | D:3      | Identified a +0 dagger
  4098 | D:3      | Identified a +0 dagger
  4098 | D:3      | Identified a +0 leather armour
  4106 | D:3      | Reached skill level 3 in Conjurations
  4119 | D:3      | Identified a +0 blowgun
  4278 | D:3      | Identified a ring of protection from fire (You found it on
                  | level 3 of the Dungeon)
  4359 | D:4      | Learned a level 4 spell: Sticky Flame
  4627 | D:4      | Identified a +0 halberd
  4646 | D:4      | Identified a +0 flail
  4667 | D:4      | Reached XP level 6. HP: 35/36 MP: 5/11
  4957 | D:4      | Identified a +0 club
  4978 | D:4      | Identified a +0 dagger
  4978 | D:4      | Identified a +0 robe
  4980 | D:4      | Identified a cursed +0 mace
  4981 | D:4      | Identified a +0 hand axe
  4982 | D:4      | HP: 9/36 [adder (2)]
  4984 | D:4      | Identified a cursed -3 giant club
  4985 | D:4      | Killed from afar by an orc priest

Table legend:
 A = Turns spent in this place as a percentage of turns spent in the entire game.
 B = Non-inter-level travel turns spent in this place as a percentage of non-inter-level travel turns spent in the entire game.
 C = Inter-level travel turns spent in this place as a percentage of turns spent in this place.
 D = Turns resting spent in this place as a percentage of non-inter-level travel turns spent in this place.
 E = Turns spent auto-exploring this place as a percentage of non-inter-level travel turns spent in this place.
 F = Non-inter-level travel turns spent in this place divided by the number of levels of this place that you've seen.
                   A       B       C       D       E      F
               +-------+-------+-------+-------+-------+----------------------
         Total | 100.0 | 100.0 |   2.2 |  27.0 |  52.4 | 1219.2
       Dungeon | 100.0 | 100.0 |   2.2 |  27.0 |  52.4 | 1219.2
               +-------+-------+-------+-------+-------+----------------------

Table legend:
 A = Kills in this place as a percentage of kills in entire the game.
 B = Kills by you in this place as a percentage of kills by you in the entire game.
 C = Kills by friends in this place as a percentage of kills by friends in the entire game.
 D = Other kills in this place as a percentage of other kills in the entire game.
 E = Experience gained in this place as a percentage of experience gained in the entire game.
 F = Experience gained in this place divided by the number of levels of this place that you have seen.
                   A       B       C       D       E      F
               +-------+-------+-------+-------+-------+----------------------
         Total | 100.0 | 100.0 |   N/A |   N/A | 100.0 |  97.2
       Dungeon | 100.0 | 100.0 |   N/A |   N/A | 100.0 |  97.2
               +-------+-------+-------+-------+-------+----------------------

Skill      XL: |  1  2  3  4  5 |
---------------+----------------+-----
Conjurations   | 2 3 |  3.5
Spellcasting   | 3 |  3.7
Fire Magic     | 4 |  4.5
Dodging        | |  2.0
Stealth        | |  2.6

Action                   |  1- 3 |  4- 6 || total
-------------------------+-------+-------++-------
Melee: Unarmed           |   125 |    82 ||   207
       Constrict         |    23 |    25 ||    48
       Tentacles         |    14 |    16 ||    30
       Staff             |       |     8 ||     8
Throw: Stone             |       |     1 ||     1
 Cast: Flame Tongue      |     8 |    38 ||    46
       Throw Flame       |     2 |     7 ||     9
       Sticky Flame      |       |     2 ||     2
  Use: Potion            |     2 |     1 ||     3
 Stab: Sleeping          |    12 |     7 ||    19
  Eat: Chunk             |     4 |     9 ||    13
Armor: Skin              |    27 |     8 ||    35
Dodge: Dodged            |    74 |   100 ||   174

Vanquished Creatures
  2 hounds (D:4)
  An iguana (D:3)
  Natasha (D:2)
  3 gnolls (D:4)
  5 adders
  An ooze (D:2)
  5 dart slugs
  3 leopard geckos
  7 orcs (D:3)
  5 giant cockroaches
  5 goblins
  4 hobgoblins
  6 jackals
  7 bats
  3 frilled lizards (D:1)
  5 kobolds
  7 rats
70 creatures vanquished.
